Map: Romanticide LE

Players

Reynor - Winner!

  • Race: Zerg Zerg
  • Spawn Location: 11:00

maru

  • Race: Terran Terran
  • Spawn Location: 5:00

Event: ASUS ROG Online 2020

VOD

Have the link to the VOD?

Description

Time

  • Played on: Nov. 29, 2020, 12:44 p.m.
  • Length: 27:39

All games in this series

Show
View Real Time Build Order
Export as new Build Order

Reynor Zerg - Winner!

Build Orders: Hatch First, Lurkers 

Get SALT Encoding   

  12  0:00  Drone  
  13  0:12  Overlord  
  13  0:17  Drone  
  14  0:31  Drone x2  
  16  0:49  Hatchery  
  15  0:51  Drone  
  15  0:55  Drone  
  17  0:58  Drone  
  18  1:10  Extractor  
  17  1:13  Spawning Pool  
  17  1:16  Drone  
  17  1:19  Drone  
  18  1:28  Drone  
  19  1:40  Drone  
  20  1:49  Drone  
  21  2:01  Queen x2  
  21  2:02  Zergling x4  
  27  2:14  Hatchery  
  26  2:18  Overlord  
  26  2:21  Drone  
  27  2:25  Drone  
  28  2:37  Metabolic Boost  
  28  2:39  Drone x2  
  29  2:44  Queen  
  29  2:49  Drone  
  29  2:51  Overlord  
  32  2:54  Drone  
  32  2:56  Drone  
  34  2:59  Drone  
  34  3:04  Drone  
  36  3:10  Drone  
  37  3:19  Overlord, Drone x2  
  39  3:20  Queen  
  39  3:21  Drone  
  39  3:24  Zergling x2  
  43  3:28  Queen  
  43  3:32  Drone x2  
  47  3:37  Queen  
  47  3:39  Zergling x2  
  50  3:42  Drone  
  50  3:43  Drone  
  50  3:46  Overlord  
  52  3:58  Overlord  
  52  4:06  Drone x6  
  52  4:07  Overlord  
  58  4:15  Queen  
  58  4:17  Overlord, Drone x3  
  63  4:20  Queen  
  63  4:23  Zergling x2  
  66  4:26  Zergling x2  
  66  4:28  Zergling x2, Evolution Chamber  
  67  4:31  Drone x2  
  67  4:32  Zergling x2  
  67  4:34  Zergling x2  
  67  4:37  Zergling x4  
  74  4:38  Zergling x2  
  74  4:42  Queen  
  74  4:44  Overlord  
  76  4:45  Zergling x2  
  76  4:46  Zergling x2  
  76  4:50  Zergling x6  
  81  4:53  Drone  
  81  4:56  Zerg Ground Armor Level 1  
  82  5:02  Drone x3  
  82  5:06  Zergling x4  
  87  5:13  Overlord  
  87  5:14  Evolution Chamber  
  86  5:16  Extractor  
  86  5:20  Overlord  
  85  5:25  Overlord  
  85  5:31  Overlord  
  85  5:33  Overlord  
  85  5:37  Overlord  
  85  5:40  Drone x5  
  85  5:42  Lair, Zerg Melee Weapons Level 1  
  90  5:44  Zergling x8  
  90  5:47  Queen  
  96  5:50  Overlord  
  96  5:51  Drone  
  96  5:55  Drone x2  
  96  5:56  Zergling x4  
  101  5:58  Baneling Nest  
  101  6:00  Zergling x8  
  101  6:02  Zergling x2  
  105  6:06  Queen  
  105  6:10  Zergling x2  
  105  6:11  Zergling x2  
  108  6:12  Zergling x2  
  97  6:20  Zergling x2  
  97  6:23  Zergling x4  
  96  6:26  Queen  
  96  6:29  Zergling x6  
  96  6:31  Zergling x2  
  102  6:33  Zergling x2, Hatchery  
  102  6:36  Zergling x2  
  102  6:39  Zergling x2  
  106  6:40  Zergling x4  
  106  6:44  Zergling x2  
  106  6:45  Zergling x2  
  108  6:47  Zergling x2, Centrifical Hooks  
  108  6:49  Queen  
  108  6:50  Zerg Ground Armor Level 2  
  111  6:55  Zergling x4  
  111  6:59  Zergling x8  
  117  7:04  Queen  
  117  7:06  Zergling x2  
  120  7:09  Zergling x8  
  120  7:10  Zergling x2  
  125  7:19  Zergling x4  
  125  7:20  Zergling x6  
  125  7:21  Zergling x2  
  117  7:26  Zergling x6  
  117  7:29  Drone  
  114  7:30  Drone  
  114  7:32  Drone  
  114  7:34  Extractor  
  114  7:36  Zerg Melee Weapons Level 2  
  115  7:40  Hatchery, Drone x3  
  115  7:42  Drone x2  
  117  7:45  Drone x2  
  117  7:46  Queen  
  121  7:53  Overlord, Drone  
  121  7:54  Drone x3  
  122  7:58  Drone x2  
  122  8:01  Drone  
  122  8:02  Zergling x2  
  122  8:03  Zergling x2, Queen  
  122  8:04  Extractor  
  122  8:05  Zergling x2  
  129  8:13  Drone x3  
  129  8:17  Zergling x8  
  129  8:18  Drone x2  
  138  8:20  Drone  
  138  8:25  Hydralisk Den, Hatchery  
  138  8:26  Overlord  
  137  8:27  Drone  
  137  8:28  Extractor, Drone x2  
  137  8:29  Zergling x2  
  137  8:31  Extractor  
  137  8:32  Zergling x8  
  137  8:33  Drone  
  144  8:34  Spore Crawler  
  144  8:38  Zergling x2  
  144  8:39  Overlord  
  142  8:49  Zergling x10  
  144  8:57  Hydralisk x4  
  144  9:00  Drone  
  144  9:02  Extractor, Hydralisk  
  152  9:03  Extractor, Hydralisk, Muscular Augments, Lurker Den  
  152  9:04  Zergling x2  
  152  9:06  Overlord  
  155  9:10  Burrow  
  155  9:11  Overlord  
  155  9:12  Drone x4  
  155  9:13  Drone  
  160  9:21  Overlord  
  160  9:28  Hydralisk x3  
  160  9:29  Hydralisk x3  
  160  9:31  Drone  
  173  9:33  Overlord  
  173  9:35  Hatchery  
  173  9:38  Zergling x12  
  173  9:41  Hydralisk x2  
  173  9:42  Zergling x8  
  173  9:43  Drone  
  173  9:44  Overlord  
  181  9:49  Hydralisk x2  
  181  9:52  Overlord  
  183  9:58  Lurker Den  
  182  10:05  Hydralisk  
  184  10:09  Infestation Pit  
  184  10:17  Zergling x2  
  184  10:18  Zergling x30  
  184  10:19  Zerg Missile Weapons Level 1  
  200  10:24  Overlord  
  200  10:25  Baneling x4  
  200  10:26  Baneling x4  
  199  10:33  Baneling x2  
  199  10:34  Baneling x10  
  199  10:41  Drone x2  
  200  10:47  Hive  
  200  10:51  Hatchery  
  200  10:53  Drone  
  200  10:54  Spine Crawler, Spore Crawler  
  200  10:55  Drone x2  
  199  11:08  Overseer  
  199  11:09  Drone  
  199  11:10  Lurker Den  
  193  11:27  Drone x3  
  193  11:29  Hatchery  
  195  11:41  Lurker  
  195  11:42  Lurker x4  
  187  11:59  Hydralisk x5  
  187  12:00  Hydralisk x3  
  177  12:18  Zergling x50  
  177  12:19  Zergling x2  
  177  12:21  Zergling x14  
  198  12:24  Zergling x6, Hydralisk  
  198  12:25  Zergling x2  
  198  12:26  Zergling x4  
  198  12:29  Zergling x6  
  195  12:30  Queen  
  194  12:38  Zergling x4  
  194  12:39  Baneling x4  
  194  12:41  Zergling x2, Hydralisk  
  199  12:47  Lurker Den  
  199  12:48  Drone  
  199  12:49  Spire  
  194  13:06  Viper x2  
  194  13:10  Extractor  
  194  13:12  Viper x2  
  195  13:15  Drone, Baneling  
  195  13:16  Baneling x5  
  199  13:23  Baneling x8  
  199  13:24  Baneling x4  
  199  13:25  Baneling x3  
  199  13:27  Overseer  
  199  13:33  Hydralisk x2  
  196  13:34  Zergling x2  
  196  13:36  Hatchery  
  196  13:38  Drone  
  198  13:44  Drone  
  198  13:46  Extractor  
  198  13:47  Extractor  
  197  13:51  Adaptive Talons  
  197  13:53  Drone x2  
  200  13:58  Extractor  
  199  14:08  Drone x3  
  199  14:09  Drone x2  
  199  14:14  Hydralisk Den  
  197  14:20  Drone x3  
  200  14:29  Overseer  
  200  14:30  Overseer  
  199  14:37  Baneling x5  
  199  14:38  Baneling x7  
  199  14:39  Baneling x2  
  199  14:41  Zerg Missile Weapons Level 2  
  199  14:42  Zerg Ground Armor Level 3  
  199  14:46  Hatchery  
  199  14:48  Seismic Spines  
  188  14:59  Zergling x2  
  179  15:00  Zergling x36  
  191  15:08  Lurker x5  
  191  15:09  Lurker x4  
  191  15:11  Zergling x4  
  196  15:16  Adrenal Glands  
  187  15:23  Zergling x8  
  187  15:24  Zergling x26  
  187  15:27  Zergling x2  
  187  15:28  Zergling x8  
  200  15:35  Drone  
  200  15:41  Drone x5  
  185  15:43  Drone x8  
  185  15:44  Pneumatized Carapace  
  185  15:45  Drone x3  
  195  15:53  Hydralisk x2  
  195  15:57  Zergling x6, Hydralisk  
  193  15:58  Zergling x4  
  200  16:05  Baneling x9  
  193  16:29  Zergling x2  
  193  16:30  Zergling x30  
  189  16:36  Zergling x4  
  189  16:37  Zergling x14, Hydralisk x2  
  189  16:38  Zergling x2  
  188  16:41  Hydralisk x2  
  188  16:42  Zergling x6  
  188  16:44  Zergling x2, Hydralisk  
  195  16:49  Zergling x2, Hydralisk  
  195  16:50  Zergling x2  
  195  16:52  Hydralisk  
  195  16:53  Hydralisk  
  195  16:57  Zerg Melee Weapons Level 3  
  195  16:59  Baneling x8  
  193  17:04  Lurker x2  
  195  17:14  Baneling  
  195  17:15  Overseer, Hatchery, Baneling x8  
  195  17:21  Baneling  
  195  17:22  Baneling  
  194  17:23  Hatchery, Zerg Missile Weapons Level 3  
  194  17:25  Lurker x2  
  190  17:41  Lurker x5  
  190  17:42  Zergling x12  
  184  18:00  Zergling x30  
  184  18:04  Overseer  
  195  18:07  Baneling x5  
  195  18:10  Overlord x3  
  195  18:26  Overlord  
  195  18:35  Zergling x4  
  195  18:36  Zergling x6  
  192  18:44  Hydralisk  
  192  18:45  Zergling x18  
  198  18:52  Hydralisk  
  198  18:53  Zergling x6  
  197  18:58  Zergling x2, Hydralisk  
  197  18:59  Zergling x12  
  179  19:03  Zergling x2, Hydralisk  
  179  19:04  Zergling x34  
  179  19:09  Hydralisk x3  
  195  19:14  Zergling x6  
  194  19:19  Overseer  
  188  19:25  Drone x5  
  188  19:29  Lurker x4  
  188  19:30  Baneling x14  
  197  19:32  Zergling x4  
  197  19:33  Baneling  
  197  19:34  Baneling x12  
  199  19:49  Hatchery  
  198  19:58  Zergling x10  
  194  20:08  Zergling x2  
  194  20:09  Zergling x10  
  194  20:17  Hydralisk  
  194  20:18  Zergling x20  
  190  20:26  Zergling x2  
  190  20:27  Zergling x30  
  188  20:30  Zergling x2, Hydralisk x6  
  188  20:31  Zergling x8  
  199  20:37  Zergling x4  
  199  20:40  Baneling  
  199  20:41  Baneling x15  
  200  20:46  Baneling x11  
  200  20:48  Drone x2  
  200  20:49  Drone x2  
  193  20:50  Drone x2  
  193  20:51  Drone  
  193  20:52  Zergling x8  
  199  20:58  Overseer x4  
  199  20:59  Hatchery  
  195  21:12  Hatchery  
  195  21:14  Zergling x12  
  200  21:23  Hydralisk  
  200  21:24  Zergling x26  
  200  21:25  Zergling x2  
  197  21:29  Hatchery  
  197  21:32  Hydralisk  
  184  21:33  Zergling x26  
  184  21:36  Zergling x2, Hydralisk x2  
  199  21:45  Baneling x12  
  199  21:46  Baneling x6  
  199  21:58  Overlord  
  191  22:17  Zergling x24  
  191  22:22  Hydralisk  
  187  22:23  Zergling x28  
  187  22:29  Zergling x10  
  198  22:33  Zergling x2  
  198  22:35  Baneling  
  199  22:40  Zergling x4  
  199  22:43  Zergling x4  
  189  22:52  Hydralisk x4  
  189  22:53  Zergling x2  
  189  22:55  Overlord  
  197  22:58  Baneling x10  
  197  22:59  Baneling x6  
  194  23:07  Zergling x6  
  194  23:09  Overlord  
  197  23:18  Zergling x10  
  181  23:27  Zergling x28  
  181  23:33  Hydralisk  
  170  23:34  Zergling x16  
  170  23:36  Queen  
  170  23:39  Zergling x12  
  170  23:40  Extractor  
  177  23:46  Lurker x9  
  177  23:47  Hydralisk x3, Hatchery  
  177  23:48  Zergling x8  
  195  23:54  Extractor  
  193  23:56  Hydralisk  
  193  23:57  Zergling x12  
  193  23:58  Overseer x2  
  193  23:59  Baneling x9  
  193  24:00  Baneling x5  
  200  24:07  Zergling x10  
  191  24:19  Zergling x22  
  191  24:20  Zergling x10  
  191  24:22  Hydralisk  
  191  24:23  Zergling x16  
  193  24:24  Overlord  
  193  24:31  Hydralisk  
  174  24:32  Zergling x12  
  174  24:33  Hydralisk  
  174  24:34  Zergling x4  
  174  24:37  Lurker x2  
  174  24:38  Lurker x2  
  183  24:40  Baneling x8  
  183  24:41  Zergling x8  
  184  24:46  Zergling x2, Hydralisk  
  184  24:47  Zergling x4, Hydralisk x2  
  177  24:53  Zergling x6, Hydralisk  
  177  24:55  Hydralisk  
  177  24:56  Zergling x6  
  177  24:58  Hydralisk  
  177  24:59  Zergling x4  
  172  25:02  Zergling x2, Hydralisk  
  172  25:05  Hydralisk  
  159  25:07  Hydralisk  
  159  25:08  Zergling x6, Hydralisk  
  159  25:09  Overseer  
  159  25:10  Hydralisk x2  
  168  25:14  Lurker  
  168  25:15  Zergling x2, Lurker x3  
  168  25:18  Zergling x6  
  168  25:20  Baneling x8  
  168  25:21  Zergling x6  
  168  25:23  Baneling x5  
  168  25:24  Zergling x2, Hydralisk  
  168  25:25  Zergling x4  
  168  25:26  Zergling x2  
  168  25:28  Zergling x4  
  177  25:31  Zergling x4, Hydralisk  
  177  25:35  Hatchery  
  168  25:39  Zergling x4  
  168  25:40  Zergling x10  
  169  25:44  Lurker x7  
  169  25:46  Zergling x8  
  180  25:51  Lurker x3  
  180  25:52  Zergling x12  
  180  25:55  Zergling x2  
  190  25:58  Zergling x2  
  184  26:10  Zergling x10, Hydralisk  
  184  26:11  Zergling x12  
  184  26:14  Hydralisk  
  184  26:16  Zergling x2  
  176  26:23  Zergling x22  
  176  26:25  Hydralisk  
  181  26:26  Zergling x6  
  181  26:29  Hatchery  
  181  26:31  Zergling x8  
  186  26:37  Overlord x2  
  180  26:49  Hydralisk x2  
  177  26:57  Drone x3  
  177  26:59  Lurker x4  
  177  27:00  Zergling x20  
  177  27:01  Zergling x10  
  199  27:10  Zergling x2  
  186  27:21  Zergling x22  
Show
View Real Time Build Order
Export as new Build Order

maru Terran 

Build Orders: Reaper Expand 

Get SALT Encoding   

  12  0:00  SCV  
  13  0:12  SCV  
  14  0:17  Supply Depot  
  14  0:24  SCV  
  15  0:39  SCV  
  15  0:40  Barracks  
  16  0:43  Refinery  
  16  0:51  SCV  
  17  1:03  SCV  
  18  1:15  SCV  
  19  1:27  Orbital Command, Reaper  
  20  1:38  Command Center  
  20  1:50  Barracks  
  20  1:53  SCV  
  21  2:01  Barracks Reactor  
  21  2:04  Supply Depot  
  21  2:07  SCV  
  22  2:18  Refinery  
  22  2:19  SCV  
  23  2:27  Factory  
  23  2:33  SCV  
  24  2:42  Barracks Tech Lab  
  24  2:43  Marine x2  
  26  2:47  SCV  
  26  2:51  Orbital Command  
  27  2:59  SCV  
  27  3:01  Stimpack  
  27  3:02  Marine x2  
  27  3:03  Marine  
  31  3:11  SCV  
  32  3:18  SCV  
  33  3:20  Marine x2  
  33  3:21  Marine  
  33  3:24  SCV  
  37  3:27  Factory Reactor, Starport  
  37  3:31  SCV  
  38  3:36  Supply Depot  
  38  3:38  Marine x2  
  38  3:39  Marine  
  41  3:41  SCV  
  42  3:53  SCV x2  
  44  3:56  Marine x2  
  44  3:57  Marine  
  44  3:59  Supply Depot  
  47  4:04  Supply Depot  
  47  4:05  SCV x2  
  47  4:09  Medivac x2  
  53  4:14  Factory Tech Lab  
  53  4:17  SCV  
  53  4:20  SCV  
  53  4:21  Marine x2  
  53  4:22  Marine  
  58  4:25  Engineering Bay  
  58  4:27  Refinery  
  58  4:32  Supply Depot, SCV  
  58  4:34  SCV  
  58  4:38  Siege Tank  
  63  4:46  SCV x2  
  63  4:47  Barracks  
  63  4:49  Supply Depot  
  63  4:52  Terran Infantry Weapons Level 1  
  65  4:55  Marine x2  
  65  4:57  Marine  
  65  4:59  SCV  
  68  5:03  SCV  
  68  5:05  Combat Shield  
  69  5:10  Supply Depot  
  69  5:11  SCV  
  69  5:13  Marine x2  
  72  5:14  Marine  
  72  5:15  SCV  
  76  5:24  SCV  
  76  5:28  Supply Depot  
  77  5:30  Siege Tank  
  77  5:31  Marine x2  
  77  5:32  Medivac, Marine  
  83  5:36  Refinery  
  83  5:39  Marine  
  84  5:43  Marine  
  84  5:49  Marine x2  
  86  5:52  Marine  
  86  5:56  Marine  
  86  5:57  Supply Depot  
  87  6:01  Marine  
  92  6:04  Siege Tank  
  92  6:06  Marine  
  92  6:07  Marine  
  92  6:09  Medivac  
  92  6:10  Marine  
  97  6:14  Marine  
  97  6:18  SCV  
  83  6:19  Marine  
  83  6:24  Marine x2  
  84  6:28  Marine  
  84  6:32  Marine  
  86  6:36  Marine  
  87  6:41  Command Center  
  87  6:42  Starport Reactor, Marine x2  
  87  6:45  SCV  
  87  6:46  Marine  
  91  6:50  Marine  
  92  6:54  Marine  
  92  7:00  Siege Tank, Marine x2  
  98  7:04  Marine  
  98  7:07  Barracks  
  98  7:08  Terran Infantry Armor Level 1, SCV, Marine  
  101  7:09  Barracks  
  101  7:12  Marine  
  102  7:18  Marine x2  
  102  7:21  Marine  
  101  7:26  Marine  
  101  7:28  SCV x2  
  88  7:30  Marine  
  88  7:35  Factory, Marine  
  88  7:36  Armory, Marine  
  91  7:37  Siege Tank  
  91  7:38  Medivac x2  
  91  7:40  Marine  
  91  7:43  SCV, Marine  
  101  7:51  SCV  
  101  7:55  SCV  
  101  7:56  Marine  
  101  7:57  Marine x3  
  107  8:03  Marine  
  96  8:14  Orbital Command, Marine x2  
  96  8:15  SCV x2, Marine x2  
  96  8:18  Barracks Reactor x2  
  100  8:20  Marine  
  100  8:22  Engineering Bay  
  100  8:25  Factory Reactor, Drilling Claws  
  100  8:26  Widow Mine  
  103  8:27  SCV  
  104  8:34  SCV  
  104  8:39  SCV  
  106  8:42  Supply Depot, SCV  
  106  8:47  Siege Tank, SCV  
  111  8:51  SCV, Marine x3  
  111  8:54  SCV  
  116  8:59  SCV  
  116  9:00  Supply Depot  
  116  9:02  Marine x3  
  120  9:03  Widow Mine x2, SCV  
  120  9:07  SCV  
  120  9:08  Terran Infantry Weapons Level 2  
  120  9:09  Terran Infantry Armor Level 2, Supply Depot  
  126  9:10  Supply Depot  
  126  9:19  SCV  
  126  9:20  Widow Mine  
  126  9:21  SCV  
  130  9:27  Widow Mine x2, SCV  
  130  9:30  Command Center  
  130  9:31  Supply Depot x2  
  135  9:33  Medivac x2  
  135  9:37  SCV  
  140  9:45  Siege Tank  
  140  9:47  Marauder, Marine x3  
  140  9:48  Widow Mine x2  
  149  9:53  Supply Depot  
  149  9:58  Marine x2  
  151  10:00  Refinery  
  151  10:01  Supply Depot, Refinery  
  151  10:07  Marine x6  
  150  10:08  Marauder  
  150  10:11  Medivac x2  
  162  10:15  Marine x2  
  164  10:27  Marine x2  
  164  10:28  Marine x2  
  168  10:30  Marauder, SCV x2  
  172  10:37  Barracks x2  
  172  10:38  Barracks  
  172  10:40  Marine x2  
  174  10:51  Marauder  
  174  10:55  Marine x5  
  174  10:56  Sensor Tower  
  186  10:57  Factory, Widow Mine, Siege Tank  
  182  11:13  Marauder  
  184  11:19  Medivac x2  
  184  11:21  Marine x3  
  184  11:22  Marine  
  190  11:28  Terran Infantry Weapons Level 3, Terran Infantry Armor Level 3  
  190  11:32  Barracks Tech Lab x2  
  190  11:33  Barracks Tech Lab  
  190  11:34  Ghost Academy, Marauder  
  190  11:42  Command Center  
  190  11:46  Marine  
  191  11:47  Factory Tech Lab  
  191  11:53  Marauder  
  191  11:55  Marauder  
  191  12:01  Marauder x2, Marine  
  194  12:09  Siege Tank x2  
  197  12:17  Marauder  
  197  12:20  Ghost  
  197  12:21  Planetary Fortress  
  197  12:22  Ghost  
  200  12:27  Widow Mine  
  196  12:36  Marauder  
  185  12:37  Ghost  
  185  12:41  Siege Tank  
  181  12:48  SCV x2  
  181  12:49  Ghost, SCV  
  181  12:50  Ghost  
  188  12:55  Personal Cloaking  
  188  12:56  Ghost  
  190  13:00  SCV x2  
  190  13:01  SCV x2  
  190  13:04  Widow Mine x2  
  198  13:12  SCV x2  
  196  13:19  Ghost  
  198  13:22  Missile Turret, Refinery  
  198  13:23  Refinery  
  198  13:24  Sensor Tower  
  198  13:33  Ghost x2  
  198  13:41  Command Center  
  198  13:42  Ghost  
  198  13:44  Planetary Fortress  
  198  13:48  Missile Turret  
  194  14:01  Ghost  
  196  14:03  Ghost x2  
  196  14:05  Ghost Academy  
  196  14:09  Missile Turret  
  194  14:11  Ghost  
  187  14:24  Command Center, Enhanced Shockwaves  
  187  14:30  Ghost, Refinery  
  187  14:31  Refinery  
  189  14:32  Command Center  
  189  14:40  Concussive Shells  
  192  14:45  Siege Tank x2  
  192  14:46  Widow Mine x2  
  149  15:08  Medivac x2, Widow Mine x2  
  149  15:09  Marine x3  
  149  15:10  Marauder x2  
  164  15:17  Siege Tank x2  
  167  15:27  Marauder x2, Marine x2  
  158  15:32  Widow Mine  
  158  15:33  Widow Mine  
  162  15:38  Medivac  
  158  15:43  Nuke  
  158  15:44  Marauder, Marine  
  158  15:49  Siege Tank  
  153  15:57  Marine  
  153  15:58  Marauder x3, Marine x5  
  153  15:59  Widow Mine x2, Siege Tank  
  172  16:06  Marauder  
  174  16:14  Sensor Tower  
  174  16:15  Planetary Fortress  
  152  16:35  Marauder x3, Marine x3  
  152  16:36  Marauder  
  127  16:45  Marine x2  
  127  16:46  Marine  
  125  16:55  Marine x2  
  125  16:57  Supply Depot x2, Marauder x4  
  135  17:02  Siege Tank x2  
  135  17:05  Widow Mine x2  
  145  17:13  Terran Vehicle And Ship Armor Level 1  
  145  17:18  Marauder x3  
  145  17:21  Ghost  
  153  17:36  Widow Mine x2, Siege Tank x2  
  163  17:39  Marauder  
  162  17:58  Widow Mine  
  164  18:01  Ghost  
  164  18:02  Medivac  
  164  18:03  Medivac, Missile Turret  
  164  18:05  Missile Turret  
  168  18:08  Siege Tank  
  168  18:09  Ghost x3  
  177  18:14  Armory  
  177  18:19  Marine x2  
  179  18:27  Sensor Tower  
  179  18:30  Missile Turret  
  179  18:35  Supply Depot  
  179  18:37  Supply Depot  
  179  18:38  Ghost  
  179  18:40  Marine  
  176  18:55  Ghost x2  
  167  19:01  Marauder, Marine x2  
  164  19:04  Widow Mine, Siege Tank x2  
  164  19:07  Marauder, Terran Vehicle Weapons Level 1, Marine  
  160  19:14  SCV x2  
  161  19:23  Marauder, Marine  
  161  19:25  Marauder x2  
  161  19:26  Widow Mine x2  
  169  19:35  Medivac, Command Center  
  169  19:36  Siege Tank  
  174  19:38  Refinery  
  174  19:39  Refinery  
  174  19:44  Missile Turret x2  
  174  19:46  Medivac  
  161  20:15  Marauder x4, Marine x4  
  172  20:22  Marine  
  160  20:30  Siege Tank  
  160  20:31  Widow Mine, Siege Tank  
  160  20:33  Marine x4  
  167  20:36  Marauder x2  
  167  20:37  Marauder x2  
  167  20:39  Orbital Command  
  175  20:45  Supply Depot  
  175  20:49  Missile Turret  
  175  20:50  Medivac x2  
  179  20:57  Marine  
  179  20:58  Marauder x2, Marine  
  185  21:15  Orbital Command  
  185  21:16  Marauder x2  
  182  21:20  Medivac x2  
  168  21:26  Orbital Command  
  168  21:29  Marine  
  168  21:30  Marauder  
  136  21:33  Marine  
  136  21:34  Marauder  
  136  21:38  SCV x2  
  126  21:44  Siege Tank  
  126  21:45  SCV  
  130  21:50  Medivac x2, SCV x2  
  130  21:51  SCV  
  137  21:58  SCV  
  137  22:01  Marauder x2, Marine  
  140  22:02  SCV x2  
  140  22:04  SCV  
  145  22:10  SCV  
  145  22:12  Widow Mine x2  
  145  22:14  SCV  
  148  22:16  Marauder, Marine  
  139  22:29  Medivac x2  
  143  22:30  Marauder x3, Marine x6  
  143  22:33  SCV x2  
  143  22:34  SCV x2, Marine  
  159  22:37  Marine  
  154  22:45  SCV  
  154  22:48  Widow Mine x2, Marine x3  
  154  22:51  Marauder  
  154  22:52  Marauder x2, Marine  
  154  22:55  SCV  
  154  22:56  Marauder  
  164  22:59  Medivac  
  166  23:08  Widow Mine x2  
  134  23:36  Marine  
  134  23:37  Marauder  
  134  23:38  Marauder, Marine x3  
  134  23:39  Medivac x2, Marauder, Ghost, Marine  
  151  23:45  Marine  
  152  23:55  Marine x2  
  154  23:56  Marine  
  154  23:58  Marauder  
  154  24:00  Marauder x2  
  161  24:05  Siege Tank  
  163  24:11  Supply Depot x2  
  151  24:20  Orbital Command  
  127  24:24  Marauder, Marine  
  127  24:34  Marine x3  
  127  24:35  Marauder x3  
  127  24:36  Orbital Command  
  131  24:56  Marine  
  131  24:57  Marauder  
  131  24:59  Marauder  
  127  25:02  Marine  
  127  25:03  Marauder  
  127  25:04  Medivac  
  119  25:09  Marauder, Marine x5  
  119  25:12  Orbital Command  
  123  25:18  Marauder  
  123  25:21  Marauder  
  127  25:23  Medivac  
  127  25:24  Siege Tank  
  117  25:48  Marauder x2  
  117  25:49  Marine x7  
  121  25:50  Marauder  
  124  25:59  Medivac x2  
  108  26:30  Medivac x2  
  109  26:34  Siege Tank x2  
  115  26:45  Supply Depot  
  115  26:55  Orbital Command  
Tags
 
Add a new tag
Caveats
  • Supply blocks, unpowered buildings, or Contaminate may cause inaccurate times.
  • Supply counts are checked every 10 seconds.